 Dungeon Crawl Stone Soup version 0.27-a0-1325-g58a489ad9e (webtiles) character file.

Game seed: 14878263248463231391

27 kae the Skirmisher (level 3, -1/33 HPs)
             Began as a Hill Orc Fighter on June 24, 2021.
             Killed from afar by Terence (5 damage)
             ... with a puff of flame
             ... on level 2 of the Dungeon.
             The game lasted 00:00:44 (1050 turns).

kae the Skirmisher (Hill Orc Fighter)               Turns: 1050, Time: 00:00:45

Health: -1/33      AC:  6    Str: 19    XL:     3   Next: 10%
Magic:  3/3        EV:  7    Int:  8    God:
Gold:   70         SH:  9    Dex: 10    Spells: 2/2 levels left

rFire    . . .     SeeInvis .   a - +0 war axe
rCold    . . .     Faith    .   c - +0 kite shield
rNeg     . . .     Spirit   .   b - +0 scale mail
rPois    .         Reflect  .   (no helmet)
rElec    .         Harm     .   (no cloak)
rCorr    .         Rampage  .   (no gloves)
Will     .....                  (no boots)
Stlth    ..........             (no amulet)
HPRegen  0.11/turn              (no ring)
MPRegen  0.08/turn              (no ring)

@: no status effects
A: no striking features
a: no special abilities


You were on level 2 of the Dungeon.
You visited 1 branch of the dungeon, and saw 2 of its levels.

You collected 70 gold pieces.

Inventory:

Hand Weapons
 a - a +0 war axe (weapon)
Armour
 b - a +0 scale mail (worn)
 c - a +0 kite shield (worn)
Jewellery
 e - an amulet of regeneration
Scrolls
 g - a scroll of identify
Potions
 d - a potion of might
 f - a potion of curing
 h - a potion of haste


   Skills:
 + Level 4.1 Fighting
 * Level 4.1 Axes
 - Level 3.2 Armour
 - Level 3.2 Shields


You had 2 spell levels left.
You didn't know any spells.
Your spell library was empty.

Dungeon Overview and Level Annotations

Branches:
Dungeon (2/15)

Altars:

Annotations:
D:2 Sigmund, Terence


Message History

You have reached level 3!
Your experience leads to an increase in your attributes!
Increase (S)trength, (I)ntelligence, or (D)exterity?
You feel stronger.
Your shield and scale mail prevent you from hitting the frilled lizard.
The frilled lizard bites you but does no damage. x2
You barely miss the frilled lizard. The frilled lizard barely misses you.
You slash the frilled lizard!
You kill the frilled lizard!
Terence shouts, "Now you die!"
You slash the dart slug!
You kill the dart slug!
Terence barely misses you.
You see here a frilled lizard corpse.
You slash Terence!
Terence is heavily wounded.
Terence zaps a wand.
The puff of flame hits you. Terence hits you with a +0 trident.
You are too injured to fight recklessly!
You are too injured to fight recklessly!
You are too injured to fight recklessly!
You are too injured to fight recklessly!
You are too injured to fight recklessly!
You hit Terence.
Terence is severely wounded.
You block Terence's attack.
You hit Terence.
Terence is almost dead.
Terence barely misses you. You block Terence's attack.
You hit Terence but do no damage.
Terence is almost dead.
Terence hits you with a +0 trident!
You barely miss Terence.
Terence is almost dead.
Terence hits you with a +0 trident. Terence hits you with a +0 trident!
* * * LOW HITPOINT WARNING * * *
You completely miss Terence.
Terence is almost dead.
Terence zaps a wand.
The puff of flame hits you.
You die...

#.#.#<#.#
#.#.###.#
#.#.# ...
.>... ...
....# #.## ..#
.#
##############
#<@@.........#
############@#
#.# #l# ...
..w.# .@...#
......#
.......#


You could see Terence.

Vanquished Creatures
  An adder (D:2)
  2 dart slugs
  An endoplasm (D:1)
  A giant cockroach (D:1)
  A hobgoblin (D:2)
  2 quokkas (D:1)
  2 ball pythons (D:1)
  3 frilled lizards
  3 rats (D:1)
16 creatures vanquished.

Notes
Turn   | Place    | Note
-------+----------+-------------------------------------------
     0 | D:1      | kae the Hill Orc Fighter began the quest for the Orb.
     0 | D:1      | Reached XP level 1. HP: 19/19 MP: 1/1
   361 | D:1      | Reached XP level 2. HP: 27/27 MP: 2/2
   562 | D:1      | Found a faded altar of an unknown god.
   763 | D:2      | Noticed Sigmund
  1016 | D:2      | Noticed Terence
  1040 | D:2      | Reached XP level 3. HP: 31/33 MP: 3/3
  1050 | D:2      | Killed from afar by Terence

Illustrated notes

Levels and vault maps discovered:
D:1:      tarquinn_simple_flora_water_b, layout_rooms, basic_ecumenical_altar
D:2:      layout_basic, hangedman_decor_push, uniq_sigmund, uniq_terence

Skill      XL: |  1  2 |
---------------+-------+-----
Axes           | 3 4 |  4.1
Fighting       | 4 |  4.1
Armour         | |  3.2
Shields        | |  3.2

Action                   || total
-------------------------++-------
Melee: War axe           ||    56
  Use: Scroll            ||     4
Armor: Scale mail        ||    20
Dodge: Dodged            ||    25
Block: Kite shield       ||    25

Table legend: (Time is in decaauts)
 A = Elapsed time spent in this place.
 B = Non-inter-level travel time spent in this place.
 C = Inter-level travel time spent in this place.
 D = Time resting spent in this place.
 E = Time spent auto-exploring this place.
 F = Levels seen in this place.
 G = Mean time per level.
                   A        B        C        D        E       F      G
               +--------+--------+--------+--------+--------+-----+--------+
         Total |   1081 |   1049 |     32 |    222 |    668 |   2 |  540.5 |
       Dungeon |   1081 |   1049 |     32 |    222 |    668 |   2 |  540.5 |
               +--------+--------+--------+--------+--------+-----+--------+

Top non-repeatable levels by time:
     D:1: 965 daAuts
     D:2: 116 daAuts
